[ AOE2 MATCH · #470147953 ]
UnrankedTurks vs Berbers
[ REPLAY ANALYSIS · EXTRACTED FROM THE RECORDED GAME ]
Feudal
12:55
Castle
20:17
Imperial
34:36
| APM avg | 33.8 |
| APM peak | 88 |
| eAPM avg | 24.2 |
| Villagers / military | 141 / 35 |
Focus
⚔️ 37.7% · 🌾 62.3%
Janissary ×24 · Bombard Cannon ×6 · Mangonel ×4 · Scout Cavalry ×1
Feudal
13:31
Castle
17:45
Imperial
40:41
| APM avg | 28.8 |
| APM peak | 70 |
| eAPM avg | 18.0 |
| Villagers / military | 109 / 85 |
Focus
⚔️ 34.1% · 🌾 65.9%
Camel Scout ×44 · Archer ×29 · Knight ×6 · Skirmisher ×5 · Scout Cavalry ×1
Feudal
13:16
Castle
17:14
Imperial
34:31
| APM avg | 53.1 |
| APM peak | 95 |
| eAPM avg | 26.7 |
| Villagers / military | 132 / 90 |
Focus
⚔️ 24.5% · 🌾 75.5%
Coustillier ×87 · Trebuchet (Packed) ×3
Feudal
31:03
Castle
39:11
Imperial
—
| APM avg | 25.3 |
| APM peak | 80 |
| eAPM avg | 11.3 |
| Villagers / military | 93 / 0 |
Focus
⚔️ 21.1% · 🌾 78.9%
Feudal
12:35
Castle
17:07
Imperial
36:28
| APM avg | 29.3 |
| APM peak | 65 |
| eAPM avg | 16.4 |
| Villagers / military | 111 / 132 |
Focus
⚔️ 39.8% · 🌾 60.2%
Spearman ×69 · Archer ×59 · Battering Ram ×4
Feudal
13:13
Castle
17:04
Imperial
37:23
| APM avg | 54.7 |
| APM peak | 110 |
| eAPM avg | 23.7 |
| Villagers / military | 167 / 83 |
Focus
⚔️ 34.0% · 🌾 66.0%
Camel Scout ×65 · Knight ×13 · Monk ×2 · Mangonel ×1 · Scorpion ×1 · Battering Ram ×1
Feudal
11:35
Castle
24:30
Imperial
41:54
| APM avg | 57.1 |
| APM peak | 128 |
| eAPM avg | 15.0 |
| Villagers / military | 66 / 48 |
Focus
⚔️ 33.2% · 🌾 66.8%
Archer ×48 · Unknown (1962) ×8 · Unknown (1942) ×3 · Unknown (1959) ×3
Feudal
11:15
Castle
23:30
Imperial
37:37
| APM avg | 56.0 |
| APM peak | 86 |
| eAPM avg | 25.9 |
| Villagers / military | 136 / 59 |
Focus
⚔️ 28.7% · 🌾 71.3%
Fire Lancer ×35 · Archer ×17 · Scorpion ×2 · Battering Ram ×2 · Trebuchet (Packed) ×2 · Mangonel ×1
Match map
Initial resources + every placement click. Lines = walls · curves = elevation contours. ◆ gold · ⬟ stone · ● berries · ✦ relic · ◌ wall gap
Your base· Open — unwalled flank
nogu's base· Open — unwalled flank
kome's base· Open — unwalled flank
tamaryo's base· Open — unwalled flank
konitan12's base· ✓ Closed at 17:07 · 12t walls · no gate
NicoBtan's base· Open — 4t gap
yu_k1's base· ✓ Closed at 24:30 · 26t walls · no gate
shohe's base· Open — 4t gap
Smoothed initial terrain · ◌ = detected wall gap · hover for details
Inputs per minute
— aran1234 - - nogu
Build order — aran1234
First 150 of 354 actions detected
| 0:19 | Build | Town Center |
| 1:43 | Build | House |
| 2:23 | Create | Villager (Male) |
| 2:24 | Create | Villager (Male) |
| 2:24 | Create | Villager (Male) |
| 2:24 | Create | Villager (Male) |
| 2:24 | Create | Villager (Male) |
| 3:49 | Create | Villager (Male) |
| 4:08 | Build | House |
| 4:23 | Create | Villager (Male) |
| 4:45 | Create | Villager (Male) |
| 4:53 | Create | Villager (Male) |
| 5:28 | Build | House |
| 5:34 | Create | Villager (Male) |
| 5:34 | Create | Villager (Male) |
| 5:45 | Build | Mill |
| 5:46 | Create | Villager (Male) |
| 6:18 | Create | Villager (Male) |
| 6:48 | Create | Villager (Male) |
| 7:02 | Create | Villager (Male) |
| 7:39 | Research | Loom |
| 7:48 | Create | Villager (Male) |
| 8:15 | Create | Villager (Male) |
| 8:18 | Create | Villager (Male) |
| 8:46 | Build | Palisade Wall |
| 8:47 | Build | Palisade Wall |
| 8:50 | Create | Villager (Male) |
| 9:05 | Build | House |
| 9:08 | Build | Palisade Wall |
| 9:19 | Build | House |
| 9:49 | Create | Villager (Male) |
| 9:51 | Build | Mining Camp |
| 10:14 | Create | Villager (Male) |
| 10:45 | Research | Feudal Age |
| 10:59 | Build | Barracks |
| 11:04 | Build | House |
| 12:55 | Age | Feudal Age |
| 12:59 | Research | Town Watch |
| 13:00 | Create | Villager (Male) |
| 13:06 | Build | Stable |
| 13:27 | Create | Villager (Male) |
| 13:37 | Build | Farm |
| 13:38 | Build | Farm |
| 13:45 | Create | Villager (Male) |
| 13:50 | Build | Farm |
| 13:58 | Build | House |
| 14:00 | Build | Palisade Wall |
| 14:06 | Create | Villager (Male) |
| 14:22 | Create | Scout Cavalry |
| 14:36 | Build | Blacksmith |
| 14:42 | Build | House |
| 14:46 | Create | Villager (Male) |
| 15:03 | Create | Villager (Male) |
| 15:09 | Build | Farm |
| 15:30 | Create | Villager (Male) |
| 15:32 | Build | Farm |
| 15:35 | Build | Farm |
| 15:45 | Build | Lumber Camp |
| 15:52 | Build | House |
| 16:09 | Create | Villager (Male) |
| 16:34 | Create | Villager (Male) |
| 16:47 | Build | Market |
| 17:37 | Research | Castle Age |
| 18:02 | Build | Mining Camp |
| 19:52 | Research | Double-Bit Axe |
| 19:52 | Research | Double-Bit Axe |
| 19:55 | Build | House |
| 20:03 | Build | House |
| 20:17 | Age | Castle Age |
| 20:19 | Create | Villager (Male) |
| 20:25 | Build | Town Center |
| 20:32 | Research | Bow Saw |
| 20:42 | Create | Villager (Male) |
| 20:46 | Build | Farm |
| 20:47 | Build | Farm |
| 20:48 | Build | Farm |
| 20:51 | Create | Villager (Male) |
| 20:58 | Build | Siege Workshop |
| 21:05 | Build | Farm |
| 21:06 | Build | Farm |
| 21:19 | Create | Villager (Male) |
| 21:21 | Build | Farm |
| 22:00 | Research | Horse Collar |
| 22:00 | Research | Horse Collar |
| 22:16 | Build | Town Center |
| 22:27 | Create | Villager (Male) |
| 22:27 | Create | Villager (Male) |
| 22:36 | Build | Farm |
| 22:47 | Create | Villager (Male) |
| 22:51 | Create | Villager (Male) |
| 22:51 | Create | Villager (Male) |
| 22:58 | Build | Farm |
| 23:03 | Create | Villager (Male) |
| 23:36 | Create | Villager (Male) |
| 23:38 | Build | Farm |
| 23:39 | Build | Farm |
| 23:52 | Create | Villager (Male) |
| 23:55 | Create | Villager (Male) |
| 23:58 | Create | Mangonel |
| 23:58 | Create | Mangonel |
| 24:21 | Research | Stone Mining |
| 24:23 | Create | Villager (Male) |
| 24:32 | Build | Outpost |
| 24:37 | Create | Villager (Male) |
| 24:44 | Build | Outpost |
| 24:47 | Create | Villager (Male) |
| 24:52 | Build | Farm |
| 24:57 | Build | Lumber Camp |
| 25:00 | Create | Villager (Male) |
| 25:23 | Create | Villager (Male) |
| 25:47 | Create | Villager (Male) |
| 25:55 | Research | Wheelbarrow |
| 26:01 | Build | Farm |
| 26:01 | Build | Farm |
| 26:02 | Build | Farm |
| 26:03 | Build | Farm |
| 26:04 | Build | Farm |
| 26:08 | Build | Castle |
| 26:19 | Create | Villager (Male) |
| 26:19 | Create | Villager (Male) |
| 26:29 | Create | Villager (Male) |
| 26:33 | Build | Farm |
| 26:34 | Build | Farm |
| 26:41 | Build | Farm |
| 27:04 | Create | Villager (Male) |
| 27:06 | Create | Villager (Male) |
| 27:16 | Create | Villager (Male) |
| 27:21 | Create | Mangonel |
| 27:22 | Create | Villager (Male) |
| 27:37 | Build | Farm |
| 27:39 | Create | Villager (Male) |
| 27:54 | Create | Villager (Male) |
| 27:56 | Build | Outpost |
| 27:58 | Create | Villager (Male) |
| 28:02 | Build | Farm |
| 28:04 | Build | Farm |
| 28:04 | Build | Farm |
| 28:05 | Build | Farm |
| 28:12 | Research | Gold Mining |
| 28:17 | Build | House |
| 28:17 | Build | House |
| 28:22 | Create | Villager (Male) |
| 28:26 | Build | Farm |
| 28:38 | Create | Villager (Male) |
| 28:41 | Build | Lumber Camp |
| 28:45 | Create | Villager (Male) |
| 29:16 | Create | Mangonel |
| 29:18 | Create | Villager (Male) |
| 29:20 | Build | House |
| 29:20 | Build | House |
Build order — nogu
First 150 of 358 actions detected
| 0:35 | Build | Town Center |
| 2:24 | Create | Villager (Male) |
| 2:24 | Create | Villager (Male) |
| 2:24 | Create | Villager (Male) |
| 2:30 | Build | House |
| 2:36 | Create | Villager (Male) |
| 3:41 | Create | Villager (Male) |
| 3:45 | Build | House |
| 4:07 | Create | Villager (Male) |
| 4:34 | Create | Villager (Male) |
| 5:03 | Create | Villager (Male) |
| 5:31 | Create | Villager (Male) |
| 6:10 | Create | Villager (Male) |
| 6:20 | Build | House |
| 6:22 | Build | Palisade Wall |
| 6:46 | Create | Villager (Male) |
| 6:46 | Create | Villager (Male) |
| 6:47 | Create | Villager (Male) |
| 6:47 | Create | Villager (Male) |
| 6:49 | Create | Villager (Male) |
| 7:14 | Create | Villager (Male) |
| 7:17 | Build | Lumber Camp |
| 8:04 | Create | Villager (Male) |
| 8:05 | Create | Villager (Male) |
| 8:34 | Build | House |
| 8:43 | Create | Villager (Male) |
| 9:08 | Create | Villager (Male) |
| 9:30 | Build | Mining Camp |
| 10:10 | Research | Loom |
| 11:05 | Research | Feudal Age |
| 11:54 | Build | House |
| 13:11 | Build | House |
| 13:31 | Age | Feudal Age |
| 13:42 | Build | Blacksmith |
| 13:49 | Build | Barracks |
| 13:50 | Create | Villager (Male) |
| 13:50 | Create | Villager (Male) |
| 13:51 | Create | Villager (Male) |
| 14:25 | Build | Archery Range |
| 14:36 | Create | Villager (Male) |
| 14:44 | Build | House |
| 14:48 | Build | Palisade Wall |
| 14:54 | Research | Castle Age |
| 14:58 | Build | Palisade Gate |
| 15:00 | Build | Palisade Wall |
| 15:25 | Create | Skirmisher |
| 15:26 | Create | Skirmisher |
| 15:42 | Build | House |
| 15:58 | Create | Skirmisher |
| 16:10 | Create | Skirmisher |
| 16:41 | Build | Mill |
| 16:52 | Create | Villager (Male) |
| 17:45 | Age | Castle Age |
| 17:47 | Build | Farm |
| 17:48 | Build | Farm |
| 17:52 | Build | Farm |
| 17:54 | Build | Farm |
| 18:07 | Build | Town Center |
| 18:10 | Create | Villager (Male) |
| 18:13 | Research | Double-Bit Axe |
| 18:15 | Create | Skirmisher |
| 18:35 | Build | Palisade Gate |
| 18:41 | Create | Villager (Male) |
| 19:11 | Research | Fletching |
| 19:13 | Create | Villager (Male) |
| 19:14 | Create | Villager (Male) |
| 19:19 | Build | Farm |
| 19:21 | Build | Farm |
| 19:36 | Build | Farm |
| 19:40 | Build | Farm |
| 19:42 | Create | Villager (Male) |
| 19:51 | Build | House |
| 19:57 | Build | Palisade Gate |
| 19:59 | Build | House |
| 20:17 | Build | House |
| 20:18 | Create | Villager (Male) |
| 20:21 | Create | Villager (Male) |
| 20:22 | Create | Villager (Male) |
| 20:37 | Create | Villager (Male) |
| 20:57 | Create | Villager (Male) |
| 21:09 | Create | Villager (Male) |
| 21:19 | Build | Town Center |
| 21:29 | Create | Archer |
| 21:49 | Create | Archer |
| 21:49 | Create | Archer |
| 21:50 | Create | Villager (Male) |
| 21:51 | Create | Villager (Male) |
| 22:00 | Create | Villager (Male) |
| 22:00 | Create | Villager (Male) |
| 22:03 | Build | Farm |
| 22:05 | Build | Farm |
| 22:09 | Create | Villager (Male) |
| 22:10 | Create | Villager (Male) |
| 22:17 | Build | Farm |
| 22:19 | Build | Farm |
| 22:34 | Create | Archer |
| 22:34 | Create | Archer |
| 22:36 | Create | Villager (Male) |
| 22:41 | Build | Archery Range |
| 22:51 | Create | Archer |
| 22:51 | Create | Archer |
| 23:04 | Create | Archer |
| 23:04 | Create | Archer |
| 23:05 | Create | Villager (Male) |
| 23:05 | Create | Villager (Male) |
| 23:23 | Create | Archer |
| 23:23 | Create | Archer |
| 23:24 | Create | Villager (Male) |
| 23:24 | Create | Villager (Male) |
| 23:27 | Build | Farm |
| 23:32 | Build | Farm |
| 23:33 | Build | Farm |
| 23:35 | Create | Villager (Male) |
| 23:41 | Build | House |
| 23:43 | Build | House |
| 24:02 | Create | Villager (Male) |
| 24:08 | Create | Archer |
| 24:08 | Create | Archer |
| 24:09 | Create | Villager (Male) |
| 24:09 | Create | Villager (Male) |
| 24:32 | Create | Villager (Male) |
| 24:33 | Create | Villager (Male) |
| 24:35 | Build | Farm |
| 24:38 | Build | Farm |
| 24:42 | Create | Villager (Male) |
| 24:47 | Build | Farm |
| 24:48 | Build | Farm |
| 24:49 | Build | Farm |
| 24:51 | Build | Farm |
| 25:01 | Create | Villager (Male) |
| 25:04 | Build | Farm |
| 25:22 | Research | Crossbowman (upgrade) |
| 25:27 | Build | Farm |
| 25:33 | Create | Villager (Male) |
| 25:50 | Build | Lumber Camp |
| 25:56 | Create | Villager (Male) |
| 25:56 | Create | Villager (Male) |
| 26:03 | Build | Farm |
| 26:03 | Build | Farm |
| 26:03 | Build | Farm |
| 26:03 | Build | Farm |
| 26:07 | Build | Farm |
| 26:13 | Create | Villager (Male) |
| 26:14 | Create | Villager (Male) |
| 26:14 | Create | Villager (Male) |
| 26:17 | Create | Villager (Male) |
| 26:17 | Create | Villager (Male) |
| 26:25 | Build | Farm |
| 26:35 | Create | Villager (Male) |
| 26:35 | Create | Villager (Male) |
Build order — kome
First 150 of 400 actions detected
| 0:10 | Build | Town Center |
| 1:52 | Create | Villager (Male) |
| 1:52 | Create | Villager (Male) |
| 1:52 | Create | Villager (Male) |
| 1:54 | Build | House |
| 1:54 | Create | Villager (Male) |
| 3:04 | Create | Villager (Male) |
| 3:29 | Build | Lumber Camp |
| 3:40 | Build | House |
| 3:43 | Create | Villager (Male) |
| 4:05 | Create | Villager (Male) |
| 4:43 | Research | Double-Bit Axe |
| 4:50 | Research | Loom |
| 5:04 | Create | Villager (Male) |
| 5:28 | Build | House |
| 5:41 | Create | Villager (Male) |
| 5:41 | Create | Villager (Male) |
| 5:50 | Build | House |
| 6:02 | Create | Villager (Male) |
| 6:15 | Create | Villager (Male) |
| 6:28 | Create | Villager (Male) |
| 6:28 | Create | Villager (Male) |
| 6:52 | Create | Villager (Male) |
| 6:55 | Create | Villager (Male) |
| 6:55 | Create | Villager (Male) |
| 7:23 | Build | House |
| 7:41 | Create | Villager (Male) |
| 8:06 | Create | Villager (Male) |
| 8:16 | Build | Mining Camp |
| 8:41 | Create | Villager (Male) |
| 8:53 | Build | House |
| 9:08 | Build | House |
| 9:17 | Create | Villager (Male) |
| 9:43 | Create | Villager (Male) |
| 10:11 | Create | Villager (Male) |
| 10:16 | Build | House |
| 10:19 | Build | Palisade Wall |
| 10:21 | Build | Palisade Wall |
| 10:37 | Create | Villager (Male) |
| 10:41 | Research | Feudal Age |
| 10:46 | Build | Mill |
| 11:52 | Build | Palisade Wall |
| 12:08 | Create | Villager (Male) |
| 13:16 | Age | Feudal Age |
| 13:18 | Create | Villager (Male) |
| 13:19 | Build | Blacksmith |
| 13:28 | Build | Market |
| 13:42 | Build | House |
| 13:56 | Build | Palisade Wall |
| 13:58 | Build | Palisade Wall |
| 13:59 | Build | Palisade Wall |
| 14:25 | Build | House |
| 14:34 | Research | Castle Age |
| 14:56 | Build | House |
| 15:27 | Research | Bow Saw |
| 15:38 | Create | Villager (Male) |
| 16:07 | Research | Horse Collar |
| 16:33 | Create | Villager (Male) |
| 17:14 | Age | Castle Age |
| 17:16 | Create | Villager (Male) |
| 17:20 | Build | Town Center |
| 17:37 | Research | Heavy Plow |
| 17:39 | Create | Villager (Male) |
| 18:16 | Build | House |
| 18:19 | Create | Villager (Male) |
| 18:34 | Build | Farm |
| 18:36 | Build | Farm |
| 18:44 | Build | Castle |
| 18:52 | Create | Villager (Male) |
| 18:53 | Create | Villager (Male) |
| 18:54 | Create | Villager (Male) |
| 19:02 | Build | Farm |
| 19:06 | Build | Farm |
| 19:07 | Create | Villager (Male) |
| 19:10 | Build | Farm |
| 19:11 | Build | Farm |
| 19:23 | Build | Farm |
| 19:26 | Build | Farm |
| 19:27 | Create | Villager (Male) |
| 19:39 | Build | House |
| 19:47 | Create | Villager (Male) |
| 19:50 | Build | Farm |
| 19:53 | Build | Farm |
| 20:01 | Build | Farm |
| 20:17 | Build | Farm |
| 20:22 | Create | Villager (Male) |
| 20:23 | Create | Villager (Male) |
| 20:29 | Build | Farm |
| 20:30 | Create | Villager (Male) |
| 20:34 | Build | Farm |
| 20:46 | Build | Farm |
| 20:47 | Create | Coustillier |
| 20:50 | Create | Villager (Male) |
| 21:05 | Create | Coustillier |
| 21:09 | Build | Farm |
| 21:14 | Create | Coustillier |
| 21:29 | Create | Villager (Male) |
| 21:34 | Create | Coustillier |
| 21:49 | Build | Lumber Camp |
| 21:50 | Create | Villager (Male) |
| 21:51 | Create | Villager (Male) |
| 21:57 | Build | Mill |
| 21:58 | Create | Villager (Male) |
| 22:04 | Create | Villager (Male) |
| 22:06 | Build | House |
| 22:11 | Create | Coustillier |
| 22:28 | Create | Villager (Male) |
| 22:33 | Build | Farm |
| 22:34 | Create | Villager (Male) |
| 22:35 | Build | Farm |
| 22:41 | Build | House |
| 22:42 | Build | House |
| 22:44 | Create | Villager (Male) |
| 22:44 | Create | Villager (Male) |
| 22:53 | Build | Farm |
| 22:56 | Create | Coustillier |
| 23:08 | Create | Coustillier |
| 23:21 | Create | Villager (Male) |
| 23:24 | Build | Farm |
| 23:26 | Create | Coustillier |
| 23:43 | Research | Scale Barding Armor |
| 23:50 | Create | Coustillier |
| 23:56 | Build | House |
| 23:59 | Create | Coustillier |
| 24:11 | Create | Villager (Male) |
| 24:11 | Create | Villager (Male) |
| 24:12 | Create | Villager (Male) |
| 24:16 | Build | Town Center |
| 24:32 | Build | House |
| 24:52 | Create | Villager (Male) |
| 24:54 | Research | Chain Barding Armor |
| 24:56 | Create | Coustillier |
| 25:04 | Create | Villager (Male) |
| 25:09 | Build | Farm |
| 25:10 | Build | Farm |
| 25:10 | Build | Farm |
| 25:10 | Build | Farm |
| 25:11 | Create | Villager (Male) |
| 25:12 | Build | House |
| 25:13 | Build | House |
| 25:16 | Create | Coustillier |
| 25:19 | Create | Coustillier |
| 25:28 | Create | Villager (Male) |
| 25:35 | Create | Villager (Male) |
| 25:37 | Build | Farm |
| 25:38 | Create | Villager (Male) |
| 25:40 | Build | Farm |
| 25:46 | Create | Coustillier |
| 26:06 | Create | Coustillier |
| 26:09 | Build | Farm |
Build order — tamaryo
143 actions detected in the replay
| 4:02 | Build | Town Center |
| 5:52 | Build | Lumber Camp |
| 6:48 | Build | House |
| 6:50 | Create | Villager (Male) |
| 6:50 | Create | Villager (Male) |
| 6:57 | Create | Villager (Male) |
| 6:57 | Create | Villager (Male) |
| 7:41 | Build | House |
| 7:42 | Build | House |
| 8:20 | Build | House |
| 8:53 | Create | Villager (Male) |
| 9:14 | Build | House |
| 9:18 | Create | Villager (Male) |
| 10:00 | Create | Villager (Male) |
| 10:19 | Research | Loom |
| 11:54 | Create | Villager (Male) |
| 12:04 | Build | Palisade Wall |
| 12:52 | Create | Villager (Male) |
| 13:05 | Build | Palisade Gate |
| 13:20 | Create | Villager (Male) |
| 14:01 | Create | Villager (Male) |
| 14:30 | Build | Palisade Gate |
| 14:44 | Create | Villager (Male) |
| 15:13 | Create | Villager (Male) |
| 15:43 | Create | Villager (Male) |
| 15:43 | Create | Villager (Male) |
| 16:36 | Build | Palisade Gate |
| 16:48 | Create | Villager (Male) |
| 16:50 | Create | Villager (Male) |
| 17:07 | Build | Palisade Gate |
| 17:10 | Build | Palisade Wall |
| 17:17 | Create | Villager (Male) |
| 19:02 | Create | Villager (Male) |
| 19:03 | Create | Villager (Male) |
| 19:17 | Build | Palisade Gate |
| 19:22 | Create | Villager (Male) |
| 19:34 | Build | House |
| 19:34 | Build | House |
| 19:36 | Create | Villager (Male) |
| 20:09 | Create | Villager (Male) |
| 20:09 | Create | Villager (Male) |
| 20:28 | Build | House |
| 20:46 | Build | Mill |
| 20:48 | Create | Villager (Male) |
| 21:34 | Create | Villager (Male) ×2 |
| 22:10 | Build | Town Center |
| 23:05 | Create | Villager (Male) ×3 |
| 23:16 | Build | Farm |
| 23:23 | Build | House |
| 24:25 | Create | Villager (Male) |
| 24:32 | Build | House |
| 24:43 | Create | Villager (Male) |
| 24:45 | Create | Villager (Male) |
| 24:47 | Create | Villager (Male) |
| 25:34 | Create | Villager (Male) |
| 25:47 | Build | Farm |
| 25:56 | Create | Villager (Male) |
| 26:04 | Build | House |
| 26:04 | Build | House |
| 26:05 | Build | House |
| 26:23 | Create | Villager (Male) ×5 |
| 26:54 | Build | House |
| 26:55 | Build | House |
| 26:55 | Build | House |
| 26:55 | Build | House |
| 26:56 | Build | House |
| 26:58 | Create | Villager (Male) ×2 |
| 27:33 | Build | Farm |
| 27:54 | Create | Villager (Male) ×3 |
| 28:52 | Research | Feudal Age |
| 29:20 | Create | Villager (Male) ×4 |
| 30:17 | Build | Mining Camp |
| 30:22 | Create | Villager (Male) ×3 |
| 31:03 | Age | Feudal Age |
| 31:12 | Build | Market |
| 31:13 | Build | Blacksmith |
| 31:28 | Research | Wheelbarrow |
| 31:31 | Research | Double-Bit Axe |
| 31:33 | Build | Lumber Camp |
| 31:38 | Build | Farm |
| 31:40 | Build | Farm |
| 31:46 | Create | Villager (Male) ×5 |
| 31:55 | Research | Horse Collar |
| 32:23 | Build | Farm |
| 32:50 | Build | Stone Wall |
| 32:55 | Build | Gate |
| 33:00 | Build | House |
| 33:01 | Build | House |
| 33:18 | Build | Farm |
| 34:12 | Build | Mill |
| 34:24 | Build | Farm |
| 34:55 | Build | House |
| 34:57 | Build | Farm |
| 35:06 | Build | House |
| 35:07 | Build | House |
| 35:59 | Research | Double-Bit Axe |
| 36:29 | Build | Farm |
| 36:31 | Research | Castle Age |
| 37:05 | Create | Villager (Male) ×4 |
| 37:20 | Create | Villager (Male) ×5 |
| 39:10 | Build | Mining Camp |
| 39:11 | Age | Castle Age |
| 39:18 | Build | Town Center |
| 39:28 | Build | Town Center |
| 39:37 | Create | Villager (Male) |
| 39:37 | Create | Villager (Male) |
| 39:47 | Build | Town Center |
| 39:49 | Create | Villager (Male) |
| 40:05 | Build | Castle |
| 40:18 | Create | Villager (Male) |
| 40:27 | Build | Farm |
| 41:12 | Research | Town Watch |
| 41:14 | Create | Villager (Male) ×5 |
| 41:19 | Research | Bow Saw |
| 41:25 | Create | Villager (Male) |
| 41:26 | Create | Villager (Male) |
| 41:27 | Create | Villager (Male) |
| 41:31 | Research | Heavy Plow |
| 41:48 | Build | Farm |
| 41:56 | Create | Villager (Male) |
| 41:56 | Create | Villager (Male) |
| 42:06 | Create | Villager (Male) |
| 42:06 | Create | Villager (Male) |
| 42:06 | Create | Villager (Male) |
| 42:26 | Build | Stone Wall |
| 42:48 | Create | Villager (Male) |
| 42:48 | Create | Villager (Male) |
| 42:49 | Create | Villager (Male) |
| 42:57 | Create | Villager (Male) |
| 42:57 | Create | Villager (Male) ×2 |
| 43:00 | Build | Farm |
| 43:02 | Build | Farm |
| 43:03 | Build | Farm |
| 43:12 | Build | Mining Camp |
| 43:12 | Create | Villager (Male) |
| 43:17 | Build | Farm |
| 43:19 | Create | Villager (Male) |
| 43:19 | Create | Villager (Male) |
| 43:22 | Build | Farm |
| 43:23 | Build | Farm |
| 43:23 | Build | Farm |
| 43:23 | Build | Farm |
| 43:23 | Build | Farm |
Build order — konitan12
First 150 of 391 actions detected
| 0:05 | Build | Town Center |
| 1:43 | Build | House |
| 1:59 | Create | Villager (Male) |
| 1:59 | Create | Villager (Male) |
| 2:00 | Create | Villager (Male) |
| 2:00 | Create | Villager (Male) |
| 3:38 | Create | Villager (Male) |
| 3:39 | Create | Villager (Male) |
| 3:39 | Create | Villager (Male) |
| 3:48 | Build | House |
| 3:48 | Build | House |
| 4:34 | Create | Villager (Male) |
| 4:35 | Create | Villager (Male) |
| 4:47 | Build | Lumber Camp |
| 5:22 | Create | Villager (Male) |
| 5:23 | Create | Villager (Male) |
| 5:24 | Create | Villager (Male) |
| 5:51 | Build | House |
| 6:27 | Create | Villager (Male) |
| 6:30 | Create | Villager (Male) |
| 6:37 | Create | Villager (Male) |
| 6:55 | Build | House |
| 7:12 | Build | House |
| 7:54 | Create | Villager (Male) |
| 7:55 | Create | Villager (Male) |
| 8:12 | Build | Mill |
| 8:16 | Create | Villager (Male) |
| 8:27 | Build | House |
| 8:35 | Create | Villager (Male) |
| 8:45 | Create | Villager (Male) |
| 9:09 | Create | Villager (Male) |
| 10:20 | Research | Feudal Age |
| 10:43 | Create | Villager (Male) |
| 10:57 | Build | House |
| 11:02 | Build | House |
| 11:13 | Build | House |
| 11:18 | Build | House |
| 12:06 | Build | Barracks |
| 12:07 | Build | Palisade Wall |
| 12:35 | Age | Feudal Age |
| 12:40 | Create | Villager (Male) |
| 13:03 | Create | Villager (Male) |
| 13:11 | Build | Blacksmith |
| 13:28 | Research | Loom |
| 13:32 | Build | House |
| 13:44 | Build | Archery Range |
| 13:51 | Build | Palisade Wall |
| 14:02 | Create | Villager (Male) |
| 14:19 | Research | Castle Age |
| 14:30 | Build | Lumber Camp |
| 14:36 | Build | House |
| 15:07 | Research | Double-Bit Axe |
| 15:09 | Create | Archer |
| 15:09 | Create | Archer |
| 15:10 | Create | Archer |
| 15:13 | Research | Fletching |
| 15:20 | Build | Palisade Wall |
| 15:21 | Build | House |
| 15:24 | Build | Palisade Wall |
| 15:54 | Create | Archer |
| 16:00 | Create | Villager (Male) |
| 16:39 | Build | House |
| 17:07 | Age | Castle Age |
| 17:11 | Create | Archer |
| 17:20 | Create | Villager (Male) |
| 17:24 | Build | House |
| 17:29 | Research | Crossbowman (upgrade) |
| 17:30 | Research | Bodkin Arrow |
| 17:32 | Create | Villager (Male) |
| 17:49 | Build | Town Center |
| 17:54 | Research | Bow Saw |
| 18:17 | Create | Villager (Male) |
| 18:21 | Build | Farm |
| 18:22 | Build | Farm |
| 18:27 | Build | Farm |
| 18:28 | Build | Farm |
| 18:30 | Build | Farm |
| 18:52 | Create | Archer |
| 18:52 | Create | Archer |
| 18:53 | Create | Villager (Male) |
| 18:54 | Create | Villager (Male) |
| 18:57 | Build | Farm |
| 19:02 | Build | Farm |
| 19:26 | Build | Farm |
| 19:28 | Build | Farm |
| 19:31 | Create | Villager (Male) |
| 19:32 | Create | Villager (Male) |
| 19:57 | Create | Archer |
| 19:59 | Build | House |
| 20:00 | Build | House |
| 20:00 | Create | Villager (Male) |
| 20:15 | Create | Archer |
| 20:24 | Create | Villager (Male) |
| 20:43 | Research | Padded Archer Armor |
| 21:01 | Create | Archer |
| 21:11 | Build | Town Center |
| 21:29 | Research | Leather Archer Armor |
| 21:33 | Build | Farm |
| 21:36 | Build | Farm |
| 21:37 | Build | Farm |
| 22:08 | Create | Villager (Male) |
| 22:09 | Research | Town Watch |
| 22:29 | Create | Villager (Male) |
| 22:40 | Create | Villager (Male) |
| 22:46 | Build | House |
| 22:47 | Build | House |
| 22:48 | Build | House |
| 22:52 | Create | Villager (Male) |
| 23:01 | Build | Farm |
| 23:04 | Build | Farm |
| 23:07 | Create | Villager (Male) |
| 23:52 | Create | Villager (Male) |
| 23:53 | Create | Villager (Male) |
| 23:53 | Create | Villager (Male) |
| 24:21 | Create | Villager (Male) |
| 24:21 | Create | Villager (Male) |
| 24:22 | Create | Villager (Male) |
| 24:48 | Create | Villager (Male) |
| 24:49 | Create | Villager (Male) |
| 24:49 | Create | Villager (Male) |
| 25:08 | Build | House |
| 25:08 | Build | House |
| 25:09 | Build | House |
| 25:18 | Build | Farm |
| 25:19 | Build | Farm |
| 25:21 | Build | Farm |
| 25:21 | Create | Villager (Male) |
| 25:22 | Create | Villager (Male) |
| 25:22 | Create | Villager (Male) |
| 25:37 | Create | Villager (Male) |
| 25:53 | Build | Archery Range |
| 25:54 | Build | Archery Range |
| 25:54 | Build | Archery Range |
| 26:02 | Build | Barracks |
| 26:03 | Build | Barracks |
| 26:03 | Create | Villager (Male) |
| 26:14 | Build | University |
| 26:22 | Build | Mining Camp |
| 26:22 | Create | Villager (Male) |
| 26:23 | Create | Villager (Male) |
| 26:23 | Create | Villager (Male) |
| 26:24 | Create | Villager (Male) |
| 26:24 | Create | Villager (Male) |
| 26:27 | Create | Villager (Male) |
| 26:36 | Create | Archer |
| 26:36 | Create | Archer |
| 26:52 | Create | Archer |
| 26:52 | Create | Archer |
| 26:58 | Create | Villager (Male) |
| 26:58 | Create | Villager (Male) |
Build order — NicoBtan
First 150 of 374 actions detected
| 0:17 | Build | Town Center |
| 1:53 | Build | House |
| 1:55 | Create | Villager (Male) ×5 |
| 3:23 | Create | Villager (Male) |
| 3:23 | Create | Villager (Male) |
| 3:38 | Create | Villager (Male) |
| 4:24 | Build | House |
| 4:27 | Research | Loom |
| 4:50 | Create | Villager (Male) ×2 |
| 4:51 | Create | Villager (Male) ×2 |
| 4:52 | Create | Villager (Male) |
| 5:19 | Build | House |
| 5:33 | Create | Villager (Male) ×2 |
| 5:58 | Build | House |
| 6:34 | Research | Loom |
| 6:40 | Build | House |
| 6:49 | Build | Mining Camp |
| 7:21 | Create | Villager (Male) ×4 |
| 7:38 | Create | Villager (Male) ×2 |
| 7:54 | Build | House |
| 9:16 | Create | Villager (Male) |
| 9:30 | Build | Barracks |
| 9:40 | Create | Villager (Male) |
| 9:40 | Create | Villager (Male) |
| 9:47 | Build | Palisade Gate |
| 9:54 | Build | Palisade Gate |
| 9:56 | Build | Palisade Wall |
| 10:06 | Build | Barracks |
| 10:21 | Build | Barracks |
| 10:34 | Build | Mill |
| 10:51 | Build | Palisade Wall |
| 11:09 | Research | Feudal Age |
| 12:44 | Build | House |
| 13:02 | Create | Villager (Male) |
| 13:02 | Create | Villager (Male) |
| 13:13 | Age | Feudal Age |
| 13:18 | Build | Market |
| 13:54 | Build | Blacksmith |
| 13:59 | Create | Villager (Male) |
| 14:39 | Research | Castle Age |
| 15:06 | Build | Outpost |
| 15:35 | Build | House |
| 15:36 | Build | House |
| 15:41 | Build | Palisade Wall |
| 16:04 | Create | Villager (Male) ×5 |
| 16:15 | Build | Watch Tower |
| 16:31 | Research | Fletching |
| 16:40 | Build | Lumber Camp |
| 17:04 | Age | Castle Age |
| 17:18 | Research | Bodkin Arrow |
| 17:57 | Create | Villager (Male) |
| 18:07 | Create | Villager (Male) |
| 18:14 | Build | Palisade Gate |
| 18:21 | Create | Villager (Male) |
| 18:25 | Build | Siege Workshop |
| 18:51 | Build | Palisade Gate |
| 18:59 | Create | Villager (Male) |
| 19:03 | Research | Double-Bit Axe |
| 19:03 | Research | Double-Bit Axe |
| 19:12 | Research | Horse Collar |
| 19:33 | Create | Villager (Male) |
| 19:55 | Create | Mangonel |
| 20:00 | Create | Villager (Male) |
| 20:01 | Create | Villager (Male) |
| 20:14 | Build | Lumber Camp |
| 20:28 | Build | Farm |
| 20:29 | Build | Farm |
| 20:30 | Build | Farm |
| 20:39 | Build | Farm |
| 20:41 | Build | Farm |
| 21:02 | Create | Battering Ram |
| 21:04 | Create | Villager (Male) |
| 21:04 | Create | Villager (Male) |
| 21:08 | Build | House |
| 21:27 | Build | House |
| 21:29 | Build | House |
| 21:35 | Build | Palisade Wall |
| 21:41 | Create | Scorpion |
| 21:44 | Create | Villager (Male) |
| 21:46 | Build | House |
| 21:47 | Create | Villager (Male) |
| 21:52 | Build | Farm |
| 21:53 | Build | Farm |
| 21:56 | Build | Farm |
| 22:23 | Create | Villager (Male) |
| 22:34 | Build | Monastery |
| 22:37 | Create | Villager (Male) |
| 22:50 | Build | Farm |
| 22:56 | Build | Lumber Camp |
| 23:02 | Build | House |
| 23:03 | Build | House |
| 23:04 | Build | Farm |
| 23:08 | Create | Monk |
| 23:10 | Create | Villager (Male) |
| 23:37 | Create | Villager (Male) |
| 23:38 | Create | Villager (Male) |
| 23:48 | Create | Villager (Male) |
| 23:58 | Build | Town Center |
| 24:05 | Build | Town Center |
| 24:06 | Create | Villager (Male) |
| 24:13 | Build | Farm |
| 24:23 | Research | Bow Saw |
| 24:23 | Research | Bow Saw |
| 24:53 | Create | Villager (Male) |
| 24:53 | Create | Villager (Male) |
| 24:54 | Create | Villager (Male) |
| 25:08 | Create | Villager (Male) |
| 25:26 | Build | Barracks |
| 25:30 | Create | Villager (Male) |
| 25:36 | Build | Farm |
| 25:42 | Build | Farm |
| 25:43 | Build | Farm |
| 25:44 | Build | Farm |
| 25:45 | Build | Farm |
| 25:51 | Research | Heavy Plow |
| 25:55 | Build | Farm |
| 25:57 | Build | Farm |
| 25:58 | Build | Farm |
| 26:03 | Create | Villager (Male) |
| 26:12 | Create | Villager (Male) |
| 26:23 | Create | Villager (Male) |
| 26:23 | Create | Villager (Male) |
| 26:27 | Create | Villager (Male) |
| 26:37 | Build | Town Center |
| 27:01 | Build | Outpost |
| 27:03 | Build | Outpost |
| 27:05 | Research | Wheelbarrow |
| 27:09 | Research | Town Watch |
| 27:15 | Build | Farm |
| 27:15 | Build | Farm |
| 27:17 | Build | Farm |
| 27:25 | Build | Farm |
| 27:33 | Build | Palisade Gate |
| 27:34 | Build | House |
| 27:35 | Build | House |
| 27:36 | Build | House |
| 27:37 | Build | House |
| 27:38 | Build | House |
| 27:39 | Create | Villager (Male) |
| 27:40 | Create | Villager (Male) |
| 27:40 | Create | Villager (Male) |
| 27:49 | Build | Mining Camp |
| 27:57 | Build | Farm |
| 28:01 | Create | Villager (Male) ×2 |
| 28:08 | Create | Villager (Male) |
| 28:24 | Build | Palisade Wall |
| 29:11 | Create | Villager (Male) |
| 29:11 | Create | Villager (Male) |
| 29:11 | Create | Villager (Male) |
| 29:12 | Create | Villager (Male) |
Build order — yu_k1
First 150 of 241 actions detected
| 0:10 | Build | Town Center |
| 1:47 | Build | House |
| 2:21 | Create | Villager (Male) |
| 2:21 | Create | Villager (Male) |
| 2:22 | Create | Villager (Male) |
| 2:22 | Create | Villager (Male) |
| 2:42 | Build | House |
| 3:45 | Create | Villager (Male) |
| 3:45 | Create | Villager (Male) |
| 3:58 | Create | Villager (Male) |
| 4:30 | Build | House |
| 4:42 | Create | Villager (Male) |
| 5:15 | Create | Villager (Male) |
| 5:15 | Create | Villager (Male) |
| 5:20 | Build | Palisade Wall |
| 5:20 | Build | Palisade Wall |
| 5:21 | Build | Palisade Wall |
| 5:24 | Build | Palisade Wall |
| 5:55 | Create | Villager (Male) |
| 5:55 | Create | Villager (Male) |
| 5:56 | Create | Villager (Male) |
| 6:36 | Build | Mill |
| 7:02 | Build | Lumber Camp |
| 7:07 | Create | Villager (Male) |
| 7:07 | Create | Villager (Male) |
| 7:27 | Build | House |
| 7:35 | Research | Loom |
| 7:59 | Build | House |
| 8:02 | Create | Villager (Male) |
| 8:27 | Create | Villager (Male) |
| 8:50 | Create | Villager (Male) |
| 9:05 | Build | Palisade Wall |
| 9:05 | Build | Palisade Wall |
| 9:25 | Research | Feudal Age |
| 9:45 | Build | Barracks |
| 10:04 | Build | Palisade Wall |
| 10:05 | Build | Palisade Wall |
| 10:24 | Build | Mining Camp |
| 10:32 | Build | Palisade Wall |
| 10:37 | Build | House |
| 11:24 | Create | Villager (Male) |
| 11:25 | Create | Villager (Male) |
| 11:35 | Age | Feudal Age |
| 11:38 | Build | Stone Wall |
| 11:39 | Build | Stone Wall |
| 11:41 | Build | Stone Wall |
| 11:44 | Build | Stone Wall |
| 11:49 | Build | Archery Range |
| 11:50 | Create | Villager (Male) |
| 12:00 | Research | Double-Bit Axe |
| 12:29 | Build | Archery Range |
| 12:35 | Create | Villager (Male) |
| 13:02 | Create | Archer |
| 13:03 | Create | Archer |
| 13:22 | Build | Blacksmith |
| 13:24 | Create | Archer |
| 13:27 | Create | Villager (Male) |
| 13:44 | Build | Stone Wall |
| 13:53 | Create | Archer |
| 13:54 | Create | Archer |
| 13:56 | Create | Villager (Male) |
| 14:09 | Build | House |
| 14:16 | Create | Archer |
| 14:31 | Create | Archer |
| 14:35 | Create | Archer |
| 14:41 | Research | Fletching |
| 15:02 | Create | Archer |
| 15:04 | Create | Villager (Male) |
| 15:34 | Research | Town Watch |
| 16:13 | Create | Villager (Male) |
| 16:13 | Create | Villager (Male) |
| 16:14 | Create | Archer |
| 16:14 | Create | Archer |
| 16:19 | Build | House |
| 16:37 | Build | House |
| 17:43 | Create | Villager (Male) |
| 17:49 | Build | Market |
| 17:50 | Create | Villager (Male) |
| 18:24 | Create | Villager (Male) |
| 18:34 | Build | Farm |
| 18:34 | Create | Villager (Male) |
| 19:05 | Build | House |
| 19:08 | Build | Farm |
| 19:09 | Build | Farm |
| 19:11 | Build | Farm |
| 19:12 | Create | Villager (Male) |
| 19:39 | Create | Archer |
| 19:39 | Create | Archer |
| 19:52 | Build | House |
| 20:29 | Build | Farm |
| 20:30 | Build | Farm |
| 20:31 | Build | Farm |
| 20:33 | Build | Farm |
| 20:39 | Build | House |
| 21:06 | Build | Farm |
| 21:08 | Build | Farm |
| 21:13 | Build | Mining Camp |
| 21:40 | Build | House |
| 21:50 | Research | Castle Age |
| 21:52 | Create | Archer |
| 21:52 | Create | Archer |
| 22:21 | Research | Padded Archer Armor |
| 22:50 | Create | Archer |
| 22:50 | Create | Archer |
| 23:10 | Research | Gold Mining |
| 23:40 | Create | Archer |
| 23:40 | Create | Archer |
| 24:30 | Age | Castle Age |
| 24:31 | Build | University |
| 24:34 | Research | Crossbowman (upgrade) |
| 24:34 | Research | Bodkin Arrow |
| 24:34 | Research | Bodkin Arrow |
| 24:48 | Research | Bow Saw |
| 24:55 | Build | Town Center |
| 24:57 | Create | Villager (Male) |
| 25:24 | Create | Archer |
| 25:25 | Create | Archer |
| 25:32 | Build | House |
| 25:35 | Research | Ballistics |
| 25:38 | Create | Villager (Male) |
| 25:40 | Build | Lumber Camp |
| 26:08 | Research | Fortified Wall (upgrade) |
| 26:20 | Build | Farm |
| 26:24 | Build | Farm |
| 26:26 | Create | Villager (Male) |
| 27:39 | Create | Villager (Male) |
| 27:41 | Build | Farm |
| 27:43 | Build | Farm |
| 27:44 | Build | Farm |
| 27:45 | Create | Villager (Male) |
| 27:46 | Create | Villager (Male) |
| 27:46 | Create | Villager (Male) |
| 28:24 | Create | Villager (Male) |
| 28:24 | Create | Villager (Male) |
| 28:52 | Create | Archer |
| 28:52 | Create | Archer |
| 28:52 | Create | Archer |
| 28:52 | Create | Archer |
| 29:13 | Build | Farm |
| 29:48 | Create | Archer |
| 29:48 | Create | Archer |
| 29:51 | Create | Villager (Male) |
| 29:52 | Create | Villager (Male) |
| 30:25 | Create | Archer |
| 30:26 | Create | Archer |
| 30:33 | Build | Town Center |
| 31:25 | Create | Villager (Male) |
| 31:28 | Create | Villager (Male) |
| 32:28 | Build | Stone Wall |
| 32:32 | Build | Palisade Wall |
Build order — shohe
First 150 of 349 actions detected
| 0:13 | Build | Town Center |
| 1:57 | Build | House |
| 2:10 | Create | Villager (Male) |
| 2:15 | Create | Villager (Male) |
| 2:37 | Create | Villager (Male) |
| 2:47 | Create | Villager (Male) |
| 4:01 | Create | Villager (Male) |
| 4:06 | Create | Villager (Male) |
| 4:10 | Build | House |
| 4:55 | Create | Villager (Male) |
| 5:09 | Create | Villager (Male) |
| 5:35 | Create | Villager (Male) |
| 5:40 | Create | Villager (Male) |
| 5:42 | Create | Villager (Male) |
| 6:12 | Create | Villager (Male) |
| 6:15 | Build | House |
| 6:35 | Create | Villager (Male) |
| 6:47 | Build | Mill |
| 6:48 | Create | Villager (Male) |
| 7:35 | Create | Villager (Male) |
| 8:06 | Build | Lumber Camp |
| 8:40 | Research | Loom |
| 8:55 | Research | Feudal Age |
| 9:52 | Build | Barracks |
| 10:26 | Build | House |
| 11:03 | Build | Mining Camp |
| 11:08 | Create | Villager (Male) |
| 11:15 | Age | Feudal Age |
| 11:19 | Build | Archery Range |
| 11:26 | Research | Double-Bit Axe |
| 11:41 | Create | Villager (Male) |
| 12:05 | Create | Villager (Male) |
| 12:15 | Build | Archery Range |
| 12:18 | Create | Archer |
| 12:30 | Create | Villager (Male) |
| 12:50 | Create | Archer |
| 13:00 | Build | House |
| 13:02 | Create | Villager (Male) |
| 13:10 | Build | Farm |
| 13:12 | Build | Farm |
| 13:18 | Build | Palisade Wall |
| 13:22 | Create | Archer |
| 13:22 | Create | Archer |
| 13:29 | Build | Farm |
| 13:40 | Create | Villager (Male) |
| 13:45 | Build | Farm |
| 14:00 | Create | Villager (Male) |
| 14:07 | Build | Farm |
| 14:13 | Build | House |
| 14:32 | Build | Farm |
| 14:37 | Create | Villager (Male) |
| 14:42 | Build | Farm |
| 15:03 | Create | Villager (Male) |
| 15:31 | Create | Villager (Male) |
| 15:33 | Build | Farm |
| 15:34 | Build | Farm |
| 15:39 | Create | Archer |
| 15:49 | Create | Villager (Male) |
| 15:53 | Build | House |
| 16:01 | Build | Farm |
| 16:18 | Create | Archer |
| 16:22 | Create | Villager (Male) |
| 16:27 | Build | Blacksmith |
| 16:31 | Create | Archer |
| 16:32 | Create | Archer |
| 16:37 | Build | Farm |
| 16:52 | Create | Villager (Male) |
| 16:55 | Build | Farm |
| 17:10 | Create | Archer |
| 17:17 | Build | Farm |
| 17:24 | Build | Farm |
| 17:26 | Create | Villager (Male) |
| 17:30 | Research | Horse Collar |
| 17:35 | Create | Archer |
| 17:35 | Create | Archer |
| 17:41 | Build | House |
| 17:55 | Research | Wheelbarrow |
| 18:23 | Build | House |
| 18:26 | Build | House |
| 18:28 | Build | House |
| 18:34 | Create | Villager (Male) |
| 19:02 | Create | Villager (Male) |
| 19:23 | Create | Villager (Male) |
| 19:38 | Build | Market |
| 19:52 | Create | Villager (Male) |
| 19:55 | Build | House |
| 20:02 | Research | Fletching |
| 20:19 | Create | Villager (Male) |
| 20:31 | Build | House |
| 20:50 | Research | Castle Age |
| 21:03 | Research | Gold Mining |
| 21:28 | Create | Archer |
| 21:28 | Create | Archer |
| 21:51 | Create | Villager (Male) |
| 22:16 | Create | Archer |
| 22:16 | Create | Archer |
| 22:18 | Create | Villager (Male) |
| 22:56 | Create | Archer |
| 22:56 | Create | Archer |
| 23:05 | Create | Villager (Male) |
| 23:20 | Research | Padded Archer Armor |
| 23:30 | Age | Castle Age |
| 23:38 | Build | Siege Workshop |
| 23:45 | Research | Crossbowman (upgrade) |
| 23:47 | Create | Villager (Male) |
| 24:05 | Create | Villager (Male) |
| 24:22 | Create | Villager (Male) |
| 24:43 | Create | Villager (Male) |
| 24:45 | Create | Villager (Male) |
| 24:49 | Build | House |
| 24:52 | Build | Farm |
| 25:02 | Create | Scorpion |
| 25:04 | Create | Villager (Male) |
| 25:08 | Build | Farm |
| 25:10 | Build | Farm |
| 25:22 | Create | Villager (Male) |
| 25:24 | Build | Farm |
| 25:33 | Research | Bow Saw |
| 25:33 | Research | Bow Saw |
| 25:59 | Build | Town Center |
| 26:02 | Create | Villager (Male) |
| 26:30 | Build | Farm |
| 26:36 | Create | Villager (Male) |
| 26:41 | Create | Villager (Male) |
| 26:53 | Create | Villager (Male) |
| 26:55 | Build | Lumber Camp |
| 27:11 | Create | Villager (Male) |
| 27:27 | Create | Villager (Male) |
| 27:30 | Build | Town Center |
| 27:38 | Create | Villager (Male) |
| 27:46 | Create | Villager (Male) |
| 27:50 | Create | Villager (Male) |
| 27:52 | Create | Villager (Male) |
| 27:59 | Create | Villager (Male) |
| 28:02 | Create | Villager (Male) |
| 28:19 | Create | Villager (Male) |
| 28:27 | Create | Mangonel |
| 28:33 | Create | Villager (Male) |
| 28:42 | Create | Villager (Male) |
| 28:51 | Create | Villager (Male) |
| 29:01 | Build | Town Center |
| 29:02 | Create | Villager (Male) |
| 29:16 | Create | Villager (Male) |
| 29:17 | Create | Villager (Male) |
| 29:23 | Build | Farm |
| 29:30 | Create | Villager (Male) |
| 29:37 | Build | Farm |
| 29:38 | Build | Farm |
| 29:39 | Build | Farm |
| 29:39 | Build | Farm |
Match timeline
| 5:20 | yu_k1 · wall_segment Palisade Wall x1 |
| 5:20 | yu_k1 · wall_segment Palisade Wall x1 |
| 5:21 | yu_k1 · wall_segment Palisade Wall x1 |
| 5:24 | yu_k1 · wall_segment Palisade Wall x4 |
| 6:22 | nogu · wall_segment Palisade Wall x1 |
| 8:46 | aran1234 · wall_segment Palisade Wall x4 |
| 8:47 | aran1234 · wall_segment Palisade Wall x10 |
| 9:05 | yu_k1 · wall_segment Palisade Wall x1 |
| 9:05 | yu_k1 · wall_segment Palisade Wall x1 |
| 9:08 | aran1234 · wall_segment Palisade Wall x4 |
| 9:30 | NicoBtan · first_building Barracks |
| 9:45 | yu_k1 · first_building Barracks |
| 9:52 | shohe · first_building Barracks |
| 9:56 | NicoBtan · wall_segment Palisade Wall x1 |
| 10:04 | yu_k1 · wall_segment Palisade Wall x1 |
| 10:05 | yu_k1 · wall_segment Palisade Wall x1 |
| 10:19 | kome · wall_segment Palisade Wall x9 |
| 10:21 | kome · wall_segment Palisade Wall x8 |
| 10:32 | yu_k1 · wall_segment Palisade Wall x3 |
| 10:51 | NicoBtan · wall_segment Palisade Wall x1 |
| 10:59 | aran1234 · first_building Barracks |
| 11:15 | shohe · age_up feudal |
| 11:19 | shohe · first_building Archery Range |
| 11:35 | yu_k1 · age_up feudal |
| 11:38 | yu_k1 · wall_segment Stone Wall x1 |
| 11:39 | yu_k1 · wall_segment Stone Wall x1 |
| 11:41 | yu_k1 · wall_segment Stone Wall x6 |
| 11:44 | yu_k1 · wall_segment Stone Wall x3 |
| 11:49 | yu_k1 · first_building Archery Range |
| 11:52 | kome · wall_segment Palisade Wall x1 |
| 12:04 | tamaryo · wall_segment Palisade Wall x3 |
| 12:06 | konitan12 · first_building Barracks |
| 12:07 | konitan12 · wall_segment Palisade Wall x1 |
| 12:35 | konitan12 · age_up feudal |
| 12:55 | aran1234 · age_up feudal |
| 13:06 | aran1234 · first_building Stable |
| 13:13 | NicoBtan · age_up feudal |
| 13:16 | kome · age_up feudal |
| 13:18 | shohe · wall_segment Palisade Wall x1 |
| 13:31 | nogu · age_up feudal |
| 13:44 | konitan12 · first_building Archery Range |
| 13:44 | yu_k1 · wall_segment Stone Wall x3 |
| 13:49 | nogu · first_building Barracks |
| 13:51 | konitan12 · wall_segment Palisade Wall x3 |
| 13:56 | kome · wall_segment Palisade Wall x6 |
| 13:58 | kome · wall_segment Palisade Wall x4 |
| 13:59 | kome · wall_segment Palisade Wall x5 |
| 14:00 | aran1234 · wall_segment Palisade Wall x1 |
| 14:25 | nogu · first_building Archery Range |
| 14:33 | kome · first_market_sell 100 wood |
| 14:38 | NicoBtan · first_market_buy 100 food |
| 14:48 | nogu · wall_segment Palisade Wall x14 |
| 15:00 | nogu · wall_segment Palisade Wall x5 |
| 15:20 | konitan12 · wall_segment Palisade Wall x4 |
| 15:24 | konitan12 · wall_segment Palisade Wall x4 |
| 15:41 | NicoBtan · wall_segment Palisade Wall x4 |
| 17:04 | NicoBtan · age_up castle |
| 17:07 | konitan12 · age_up castle |
| 17:10 | tamaryo · wall_segment Palisade Wall x9 |
| 17:14 | kome · age_up castle |
| 17:31 | aran1234 · first_market_buy 100 food |
| 17:45 | nogu · age_up castle |
| 18:25 | NicoBtan · first_building Siege Workshop |
| 18:44 | kome · first_building Castle |
| 20:17 | aran1234 · age_up castle |
| 20:35 | shohe · first_market_buy 100 food |
| 20:36 | shohe · first_market_sell 100 wood |
| 20:42 | yu_k1 · first_market_buy 100 food |
| 20:58 | aran1234 · first_building Siege Workshop |
| 21:35 | NicoBtan · wall_segment Palisade Wall x1 |
| 22:34 | NicoBtan · first_building Monastery |
| 23:30 | shohe · age_up castle |
| 23:38 | shohe · first_building Siege Workshop |
| 24:30 | yu_k1 · age_up castle |
| 26:08 | aran1234 · first_building Castle |
| 28:00 | konitan12 · wall_segment Palisade Wall x1 |
| 28:02 | konitan12 · wall_segment Palisade Wall x1 |
| 28:24 | NicoBtan · wall_segment Palisade Wall x7 |
| 28:38 | konitan12 · wall_segment Palisade Wall x1 |
| 29:31 | NicoBtan · first_building Stable |
| 29:48 | NicoBtan · wall_segment Palisade Wall x10 |
| 30:03 | nogu · first_building Stable |
| 30:48 | NicoBtan · wall_segment Stone Wall x1 |
| 31:03 | tamaryo · age_up feudal |
| 31:41 | kome · first_building Barracks |
| 32:26 | nogu · first_building Castle |
| 32:28 | konitan12 · first_building Siege Workshop |
| 32:28 | yu_k1 · wall_segment Stone Wall x1 |
| 32:32 | yu_k1 · wall_segment Palisade Wall x1 |
| 32:40 | aran1234 · wall_segment Stone Wall x7 |
| 32:46 | yu_k1 · wall_segment Palisade Wall x1 |
| 32:50 | tamaryo · wall_segment Stone Wall x12 |
| 33:15 | tamaryo · first_market_buy 500 wood |
| 33:19 | nogu · first_building Siege Workshop |
| 33:21 | shohe · first_building Castle |
| 33:23 | kome · first_building Stable |
| 33:39 | NicoBtan · wall_segment Palisade Wall x1 |
| 33:50 | NicoBtan · wall_segment Stone Wall x1 |
| 33:59 | konitan12 · wall_segment Stone Wall x10 |
| 34:16 | konitan12 · wall_segment Stone Wall x22 |
| 34:31 | kome · age_up imperial |
| 34:36 | aran1234 · age_up imperial |
| 34:41 | kome · first_market_buy 100 stone |
| 34:47 | yu_k1 · first_building Castle |
| 35:01 | yu_k1 · first_market_sell 100 food |
| 35:14 | tamaryo · first_market_sell 500 wood |
| 35:47 | NicoBtan · first_building Castle |
| 36:07 | yu_k1 · first_building Siege Workshop |
| 36:28 | konitan12 · age_up imperial |
| 37:16 | yu_k1 · wall_segment Stone Wall x2 |
| 37:23 | NicoBtan · age_up imperial |
| 37:37 | shohe · age_up imperial |
| 38:25 | kome · first_building Archery Range |
| 38:33 | NicoBtan · first_market_sell 100 wood |
| 39:11 | tamaryo · age_up castle |
| 39:14 | yu_k1 · wall_segment Stone Wall x8 |
| 40:05 | tamaryo · first_building Castle |
| 40:41 | nogu · age_up imperial |
| 41:54 | yu_k1 · age_up imperial |
| 42:26 | tamaryo · wall_segment Stone Wall x17 |
| 43:28 | kome · tribute_sent a jugador 1 |
| 43:28 | kome · tribute_sent a jugador 3 |
| 43:28 | kome · tribute_sent a jugador 4 |
| 43:28 | kome · tribute_sent a jugador 5 |
| 43:28 | kome · tribute_sent a jugador 6 |
| 43:28 | kome · tribute_sent a jugador 7 |
| 43:28 | kome · tribute_sent a jugador 8 |
| 43:36 | NicoBtan · tribute_sent a jugador 1 |
| 43:36 | NicoBtan · tribute_sent a jugador 2 |
| 43:36 | NicoBtan · tribute_sent a jugador 3 |
| 43:36 | NicoBtan · tribute_sent a jugador 4 |
| 43:36 | NicoBtan · tribute_sent a jugador 6 |
| 43:36 | NicoBtan · tribute_sent a jugador 7 |
| 43:36 | NicoBtan · tribute_sent a jugador 8 |
| 43:37 | tamaryo · resign |
[ AI ANALYSIS · 1 CREDIT ]
What really happened in this match?
Wolo.gg analyzes every decision: build order, eco, micro, common mistakes by bracket. Personalized analysis on WhatsApp or Discord in 30 seconds.
Civ guide
Turks
Map guide
LandNomad2025 (Custom)
Perfil
Jugador #9750708